Description

One gate expand into colossus rush.

VOD

https://www.youtube.com/watch?v=7vIdE4rmYaU

Replay - Deathaura LE (20)

Build Order

Get SALT Encoding   

  12  0:02  Probe  Send first probe to block opponent's natural
  13  0:14  Probe  
  14  0:19  Pylon  at natural
  14  0:25  Probe  
  15  0:33  Probe (Chrono Boost)  
  15  0:40  Gateway  
  15  0:41  Probe  
  17  0:50  Assimilator  
  17  0:52  Probe  
  18  1:04  Probe  rally probe to natural
  19  1:17  Probe  
  20  1:25  Nexus  
  20  1:36  Cybernetics Core  
  20  1:38  Probe  
  21  1:44  Assimilator  
  21  1:50  Probe  
  21  1:53  Pylon  in main
  22  2:02  Probe  
  23  2:12  Warp Gate, Stalker (Chrono Boost)  to prevent scouts
  23  2:15  Probe  
  26  2:27  Probe  
  26  2:28  Robotics Facility  
  27  2:33  Probe, Adept  
  29  2:39  Probe x2  
  32  2:41  Probe (Chrono Boost)  chrono natural and send 2 probes from gas
  32  2:51  Probe  
  34  3:03  Probe x2, Gateway  
  36  3:15  Robotics Bay  cut probes for prism
  36  3:17  Warp Prism (Chrono Boost)  
  39  3:22  Adept  probe up to 44
  39  3:25  Pylon  
  43  3:37  Pylon  
  47  4:01  Colossus (Chrono Boost)  harass with wrap prism and 2 adepts
  47  4:06  Assimilator  
  47  4:07  Pylon  
  55  4:13  Assimilator  
  55  4:20  Gravitic Drive (Chrono Boost)  
  56  4:22  Pylon  
  57  4:28  Gateway x2  
  58  4:32  Disruptor (Chrono Boost)  harass with colossus and prism
  61  4:49  Gateway x4  
  61  4:57  Pylon  
  61  4:58  Immortal  
  61  5:06  Sentry  
  63  5:07  Stalker  
  63  5:11  Pylon  
  69  5:23  Stalker  
  71  5:30  Sentry x3  
  77  5:37  Observer  wall off natural and move out
  78  5:44  Pylon  
  78  5:47  Sentry  
  78  5:48  Zealot x3  
  86  5:52  Pylon  
  86  5:54  Zealot x3  
  92  6:11  Zealot x5  keep warping units and colossi
  96  6:12  Pylon  
  102  6:24  Zealot x3  Extended Thermal Lance
Spawning Tool Build Advisor. Get it on Overwolf

Go to:

Details

  • Created by: BT2000
  • Published on: Oct 23, 2020
  • Modified on: Oct 26, 2020
  • Patch: 4.11.0
  • Difficulty: Medium
Show
View Real Time Build Order
Export as new Build Order

Comments (0)

There are no comments. Be the first!

Create an account to comment!